 Dungeon Crawl Stone Soup version 0.32-a0-876-gcfddb08e57 (webtiles) character file.

Game seed: 8689094298489106167

314 Griffin23 the Trooper (level 6, -8/56 HPs)
             Began as a Minotaur Fighter on Apr 1, 2024.
             Engulfed by a cloud of flame (15 damage)
             ... on level 4 of the Dungeon.
             The game lasted 00:03:21 (2213 turns).

Griffin23 the Trooper (Minotaur Fighter)            Turns: 2213, Time: 00:03:21

Health: -8/56      AC: 15    Str: 22    XL:     6   Next: 19%
Magic:  5/5        EV:  7    Int:  5    God:
Gold:   138        SH:  9    Dex: 10    Spells: 5/5 levels left

rFire   . . .        a - +0 long sword
rCold   . . .        c - +0 buckler
rNeg    . . .        m - +0 chain mail
rPois   .            (helmet restricted)
rElec   .            (no cloak)
rCorr   .            f - +0 pair of gloves
SInv    .            (no boots)
Will    .....        o - amulet of reflection Stlth
                     q - +4 ring of protection
HPRegen 0.29/turn    (no ring)
MPRegen 0.09/turn

%: reflection
@: no status effects
A: horns 2, retaliatory headbutt
a: no special abilities


You were on level 4 of the Dungeon.
You visited 1 branch of the dungeon, and saw 4 of its levels.

You collected 138 gold pieces.

Inventory:

Hand Weapons
 a - a +0 long sword (weapon)
Missiles
 j - 7 boomerangs (quivered)
Armour
 b - a +0 scale mail
 c - a +0 buckler (worn)
 f - a +0 pair of gloves (worn)
 m - a +0 chain mail (worn)
Jewellery
 n - a ring of wizardry
 o - an amulet of reflection (around neck)
 q - a +4 ring of protection (left hand)
Wands
 r - a wand of polymorph (6)
Scrolls
 e - 3 scrolls of fog
 h - a scroll of amnesia
 s - a scroll of teleportation {unknown}
Potions
 d - 3 potions of might
 g - a potion of invisibility {unknown}
 p - a potion of magic {unknown}
 t - a potion of attraction {unknown}


   Skills:
 + Level 5.3 Fighting
 + Level 4.4 Long Blades
 + Level 5.2 Armour
 + Level 5.2 Shields


You had 5 spell levels left.
You didn't know any spells.
Your spell library was empty.

Dungeon Overview and Level Annotations

Branches:
Dungeon (4/15)
 Temple: D:4-7

Altars:


Innate Abilities, Weirdness & Mutations

You have a pair of horns on your head.
You reflexively headbutt those who attack you in melee.


Message History

You hear a shout! x2; You hear an angry hiss.
You hear a shout!
The kobold hits you but does no damage. The gnoll hits you but does no damage.
The goblin completely misses you. You furiously retaliate!
You headbutt the goblin!
You kill the goblin!
As you read the scroll labelled OCECEP AKUH, it crumbles to dust.
The creatures around you are filled with an inner flame!
It was a scroll of immolation.
You block the kobold's attack. The gnoll barely misses you.
The air fills with toxic fumes!
As you read the scroll labelled XOYTES KENKUR, it crumbles to dust.
It was a scroll of poison.
You block the kobold's attack.
Grinder says, "DUCK!"
You block Grinder's attack. The gnoll barely misses you.
The gnoll hits you but does no damage.
You slash Grinder!
Flame seeps out of Grinder.
Your headbutt misses Grinder.
Grinder is moderately wounded.
The kobold hits you but does no damage.
Grinder is engulfed in blazing flames.
Flame seeps out of Grinder.
Grinder barely misses you. The gnoll hits you but does no damage.
You block the gnoll's attack. You block the kobold's attack.
You hit Grinder.
Flame seeps out of Grinder.
Grinder is severely wounded.
Grinder is engulfed in blazing flames.
Grinder explodes!
The fiery explosion engulfs you!
The gnoll hits you but does no damage. x2
The kobold hits you but does no damage.
The gnoll hits you from afar with a +0 spear.
* * * LOW HITPOINT WARNING * * *
The gnoll hits you from afar with a +0 spear.
* * * LOW HITPOINT WARNING * * *
You hear an angry hiss.
Your Fighting skill increases to level 5!
Your Long Blades skill increases to level 4!
Your Armour skill increases to level 5!
Your Shields skill increases to level 5!
You have reached level 5!
You have reached level 6!
You are engulfed in blazing flames.
You die...

.. #..g...K....
...###....!......
................
.##.....############
###§#§##§§§§§§§§§#
#§§§§#§§§§§§§§§#
#§§§§ggK§§§§§§§#
.....§§§§§g§§§§§§§§#
.....§§§§#§§@§§§§§§#
#.....§.§§§§§§§§§§§§# ..#
#.....§§§§§§§§§§§§§§#)...#
#.....§§§§§§§§§§§§§§#.....
#.....§§§§§###§§§§§§§.....
.....§§§§§# #§§§§§§§.....
§§§§§ #§§§§§§§..... ####
#............ #.
##......###..


You could see 3 gnolls and a kobold (inner flame).

Vanquished Creatures
  Grinder (D:4)
  An orc wizard (D:3)
  A gnoll (D:4)
  2 adders (D:2)
  2 ufetubi (D:3)
  2 dart slugs
  2 ribbon worms
  3 orcs (D:3)
  4 bats
  7 endoplasms
  6 goblins
  A hobgoblin (D:1)
  4 kobolds
  3 quokkas
  7 ball pythons
  4 frilled lizards
  4 rats
54 creatures vanquished.

Notes
Turn   | Place    | Note
-------+----------+-------------------------------------------
     0 | D:1      | Griffin23 the Minotaur Fighter began the quest for the Orb.
     0 | D:1      | Reached XP level 1. HP: 19/19 MP: 0/0
     6 | D:1      | Noticed a swamp worm
     6 | D:1      | Noticed an iguana
     6 | D:1      | Noticed a polar bear
     7 | D:1      | Noticed a scorpion
   123 | D:1      | Reached XP level 2. HP: 27/27 MP: 1/1
   623 | D:2      | Found a faded altar of an unknown god.
   687 | D:2      | Reached XP level 3. HP: 33/33 MP: 2/2
  1389 | D:3      | HP: 1/34 [ufetubus (4)]
  1470 | D:3      | Reached XP level 4. HP: 41/41 MP: 3/3
  1578 | D:3      | HP: 2/41 [something (1)]
  2185 | D:4      | Noticed Grinder
  2206 | D:4      | Paralysed by Grinder for 2 turns
  2212 | D:4      | Killed Grinder
  2213 | D:4      | Reached skill level 5 in Fighting
  2213 | D:4      | Reached skill level 5 in Armour
  2213 | D:4      | Reached skill level 5 in Shields
  2213 | D:4      | Reached XP level 5. HP: 6/48 MP: 4/4
  2213 | D:4      | Reached XP level 6. HP: 7/56 MP: 5/5
  2213 | D:4      | Engulfed by a cloud of flame

Illustrated notes

Levels and vault maps discovered:
D:1:      onia_arrival_zoo_common, layout_basic
D:2:      layout_basic, chequers_ecumenical_altar_simple, serial_park_tiny_pond
D:3:      layout_loops_ring
D:4:      layout_basic, gup_ossuary_entry_pyramid, uniq_blork_the_orc,
          uniq_robin, uniq_grinder

Skill      XL: |  1  2  3  4 |
---------------+-------------+-----
Fighting       | 4 5 |  5.3
Armour         | 4 5 |  5.2
Shields        | 4 5 |  5.2
Long Blades    | 3 4 |  4.4

Action                     |  1- 3 |  4- 6 || total
---------------------------+-------+-------++-------
  Melee: Long sword        |   102 |    59 ||   161
         Headbutt          |     8 |     8 ||    16
    Use: Scroll            |     1 |     4 ||     5
         Potion            |     1 |     1 ||     2
 Armour: Scale mail        |    28 |       ||    28
         Chain mail        |    92 |    60 ||   152
  Dodge: Dodged            |    59 |    14 ||    73
  Block: Buckler           |    49 |    32 ||    81
         Reflection        |       |     2 ||     2

Table legend: (Time is in decaauts)
 A = Elapsed time spent in this place.
 B = Non-inter-level travel time spent in this place.
 C = Inter-level travel time spent in this place.
 D = Time resting spent in this place.
 E = Time spent auto-exploring this place.
 F = Levels seen in this place.
 G = Mean time per level.
                   A        B        C        D        E       F      G
               +--------+--------+--------+--------+--------+-----+--------+
         Total |   2254 |   2180 |     74 |      0 |   1723 |   4 |  563.5 |
       Dungeon |   2254 |   2180 |     74 |      0 |   1723 |   4 |  563.5 |
               +--------+--------+--------+--------+--------+-----+--------+

Top non-repeatable levels by time:
     D:3: 833 daAuts
     D:2: 779 daAuts
     D:1: 576 daAuts
     D:4: 64 daAuts
